 Dungeon Crawl Stone Soup version 0.28-a0-175-gb2089b6bb7 (webtiles) character file.

Game seed: 7428015014058964249

597 Nattfarinn the Reanimator (level 7, -6/55 HPs)
             Began as a Deep Dwarf Necromancer on Aug 17, 2021.
             Mangled by an ogre (15 damage)
             ... on level 6 of the Dungeon.
             The game lasted 00:10:11 (4140 turns).

Nattfarinn the Reanimator (Deep Dwarf Necromancer)  Turns: 4140, Time: 00:10:12

Health: -6/55      AC:  2    Str: 12    XL:     7   Next: 17%
Magic:  10/13      EV: 12    Int: 17    God:
Gold:   210        SH:  0    Dex: 13    Spells: 10/14 levels left

rFire   . . .      SeeInvis .   b - +0 trident
rCold   . . .      Faith    .   (no shield)
rNeg    . . .      Spirit   .   a - +0 robe
rPois   .          Reflect  .   (no helmet)
rElec   .          Harm     .   (no cloak)
rCorr   .          Rampage  .   (no gloves)
Will    +....                   (no boots)
Stlth   ++........              (no amulet)
HPRegen 0.00/turn               (no ring)
MPRegen 0.13/turn               (no ring)

@: no status effects
A: damage resistance, heal wounds, sense surroundings 1, no regeneration
a: Heal Wounds


You were on level 6 of the Dungeon.
You visited 1 branch of the dungeon, and saw 6 of its levels.

You collected 210 gold pieces.

Inventory:

Hand Weapons
 b - a +0 trident (weapon)
Armour
 a - a +0 robe (worn)
Magical Staves
 p - a staff of cold
Wands
 j - a wand of flame (12)
Scrolls
 c - a scroll of identify {unknown}
 h - a scroll of magic mapping
 n - a scroll of amnesia {unknown}
 o - a scroll of teleportation
Potions
 d - a potion of ambrosia
 e - a potion of flight {unknown}
 f - 3 potions of heal wounds {unknown}
 g - 2 potions of curing {unknown}
 i - a potion of cancellation {unknown}
 k - a potion of resistance {unknown}
 l - a potion of lignification {unknown}


   Skills:
 - Level 2.1 Dodging
 - Level 2.4 Stealth
 + Level 4.0 Spellcasting
 * Level 8.2 Necromancy


You had 10 spell levels left.
You knew the following spells:

 Your Spells              Type           Power      Damage    Failure   Level
a - Pain                  Necr           100%       1d9       1%          1
b - Vampiric Draining     Necr           15%        2d8       1%          3

Your spell library contained the following spells:

 Spells                   Type           Power      Damage    Failure   Level
 Animate Skeleton         Necr           62%        N/A       1%          1
 Animate Dead             Necr           15%        N/A       5%          4
 Agony                    Necr           31%        N/A       14%         5
 Dazzling Flash           Conj/Hex       6%         N/A       43%         3
 Iskenderun's Mystic Bla  Conj/Tloc      3%         2d3       83%         4
 Summon Ice Beast         Ice/Summ       3%         N/A       83%         4
 Summon Mana Viper        Hex/Summ       3%         N/A       99%         5
 Starburst                Conj/Fire      1%         6d3       100%        6
 Monstrous Menagerie      Summ           1%         N/A       100%        7


Dungeon Overview and Level Annotations

Branches:
Dungeon (6/15)
 Temple: D:4-7

Altars:
Wu Jian

Shops:
D:3 [

Annotations:
D:5 Blork the orc


Innate Abilities, Weirdness & Mutations

You are resistant to damage.
You can heal yourself by infusing magical energy.
You passively map a small area around you.
You do not regenerate.


Message History

The bullfrog skeleton is severely damaged.
The bullfrog skeleton hits you.
* * * LOW HITPOINT WARNING * * *
Aiming: Throw Flame
Press: ? - help, Shift-Dir - straight line, f/p - bullfrog skeleton
Aim: a bullfrog skeleton (severely damaged, 89% to hit)
The puff of flame hits the bullfrog skeleton.
The bullfrog skeleton is almost destroyed.
The bullfrog skeleton barely misses you.
Aiming: Throw Flame
Press: ? - help, Shift-Dir - straight line, f/p - bullfrog skeleton
Aim: a bullfrog skeleton (almost destroyed, 89% to hit)
The puff of flame hits the bullfrog skeleton!
You destroy the bullfrog skeleton!
A phantom comes into view.
The phantom moves out of view.
You start waiting.
A phantom is nearby!
Found a buckler.
You see here a +0 buckler.
Found a stone staircase leading down.
There is a stone staircase leading down here.
You climb downwards.
Found 17 gold pieces, 25 stones and a fizzy purple potion.
Found a stone staircase leading down.
There is a stone staircase leading up here.
Found a chain mail.
An ogre comes into view. It is wielding a +0 giant club.
The ogre shouts!
You hear a shout!
An orc comes into view. It is wielding a +0 club.
You are too injured to fight recklessly!
Casting: Vampiric Draining (safe; 1% risk of failure)
Confirm with . or Enter, or press ? or * to list all spells.
Aiming: Vampiric Draining (safe; 1% risk of failure)
Press: ? - help, Shift-Dir - straight line, f - ogre
Aim: an ogre, wielding a +0 giant club You draw life force from the ogre!
You feel life coursing into your body.
The orc shouts!
The ogre hits you with a +0 giant club!!
You die...

,#......., .. , ,
#......# ,..# ,
#......##....#.. ,
, #.!.....#.......
#...$#.........>
*#....#.[........ ,
*, ,
##......##......
*#.O...##...... ,
,* #.@.......# ,
,,#.......<..#* *
,......#.........#*
##....###..........
, , ####.
*#.........# , , ,,
, #. ##...###..# ,
## ..o## .. , ,
.(.. , . ##... ,,


You could see an ogre and an orc.

Vanquished Creatures
  Sigmund (D:2)
  An ogre (D:5)
  A howler monkey (D:5)
  A hound (D:5)
  2 orc priests (D:3)
  A bullfrog skeleton (D:5)
  A scorpion zombie (D:5)
  Natasha (twice) (D:2)
  A hound zombie (D:3)
  4 adders
  5 orcs
  8 endoplasms
  7 giant cockroaches
  4 goblins
  5 hobgoblins
  5 jackals
  A quokka (D:5)
  3 ball pythons
  5 bats
  6 frilled lizards
  A jackal skeleton (D:2)
  8 kobolds
  4 rats
77 creatures vanquished.

Vanquished Creatures (others)
  A plant (D:1)
1 creature vanquished.

Grand Total: 78 creatures vanquished

Notes
Turn   | Place    | Note
-------+----------+-------------------------------------------
     0 | D:1      | Nattfarinn the Deep Dwarf Necromancer began the quest for
                  | the Orb.
     0 | D:1      | Reached XP level 1. HP: 15/15 MP: 3/3
   162 | D:1      | Reached XP level 2. HP: 22/22 MP: 5/5
   285 | D:1      | Reached skill level 5 in Necromancy
   576 | D:2      | Reached XP level 3. HP: 26/28 MP: 6/6
   641 | D:2      | Learned a level 3 spell: Vampiric Draining
   825 | D:2      | Noticed Natasha
   829 | D:2      | Killed Natasha
   830 | D:2      | Reached XP level 4. HP: 36/36 MP: 3/7
   905 | D:2      | Noticed Sigmund
   913 | D:2      | Killed Sigmund
   914 | D:2      | Reached skill level 6 in Necromancy
   914 | D:2      | Reached XP level 5. HP: 34/42 MP: 7/9
  1167 | D:2      | Reached skill level 7 in Necromancy
  1298 | D:2      | Noticed Natasha
  1302 | D:2      | Killed Natasha
  1303 | D:2      | Reached XP level 6. HP: 43/49 MP: 6/11
  1817 | D:3      | Found Emmetao's Armour Shop.
  1894 | D:3      | Found a faded altar of an unknown god.
  3215 | D:4      | Found an ornate altar of the Wu Jian Council.
  3369 | D:5      | Entered Level 5 of the Dungeon
  3835 | D:5      | Reached skill level 8 in Necromancy
  3835 | D:5      | Reached XP level 7. HP: 50/55 MP: 12/12
  3897 | D:5      | Noticed Blork the orc
  4140 | D:6      | Mangled by an ogre

Illustrated notes

Levels and vault maps discovered:
D:1:      dpeg_arrival_lava_temple_mockup, layout_basic, serial_bayou_lake_a
D:2:      layout_loops_ring, uniq_natasha, uniq_sigmund
D:3:      layout_loops_ring, basic_ecumenical_altar, serial_shops, shop
D:4:      layout_cave_pools, nicolae_wu_jian_wuxing_cycle
D:5:      layout_basic, amcnicky_mini_pool_medium, uniq_blork_the_orc
D:6:      layout_cave_pools, beargit_hepliaklqana_dungeon_heroes,
          mainiacjoe_overflow_24_doors, mainiacjoe_overflow_alcove_2,
          minmay_temple_entry_proselytizer, serial_gnoll_camp,
          gnoll_camp_mini_loothouse, gnoll_camp_mini_doghouse,
          gnoll_camp_mini_shop, gnoll_camp_mini_basic, gnoll_camp_huts_moat,
          gnoll_camp_mini_hut, uniq_prince_ribbit1

Skill      XL: |  1  2  3  4  5  6  7 |
---------------+----------------------+-----
Spellcasting   | 2 3 4 |  4.0
Necromancy     | 5 6 7 8 |  8.2
Dodging        | |  2.1
Stealth        | |  2.4

Action                   |  1- 3 |  4- 6 |  7- 9 || total
-------------------------+-------+-------+-------++-------
Melee: Trident           |    99 |    99 |    11 ||   209
 Cast: Vampiric Draining |     2 |    37 |     5 ||    44
       Pain              |       |     1 |       ||     1
Evoke: Wand              |       |       |     6 ||     6
  Use: Scroll            |       |     1 |     3 ||     4
       Potion            |       |     1 |       ||     1
 Stab: Sleeping          |    12 |     6 |       ||    18
Armor: Robe              |    22 |    14 |     4 ||    40
Dodge: Dodged            |    67 |    65 |    33 ||   165

Table legend: (Time is in decaauts)
 A = Elapsed time spent in this place.
 B = Non-inter-level travel time spent in this place.
 C = Inter-level travel time spent in this place.
 D = Time resting spent in this place.
 E = Time spent auto-exploring this place.
 F = Levels seen in this place.
 G = Mean time per level.
                   A        B        C        D        E       F      G
               +--------+--------+--------+--------+--------+-----+--------+
         Total |   4227 |   3645 |    582 |    329 |   2606 |   6 |  704.5 |
       Dungeon |   4227 |   3645 |    582 |    329 |   2606 |   6 |  704.5 |
               +--------+--------+--------+--------+--------+-----+--------+

Top non-repeatable levels by time:
     D:2: 1354 daAuts
     D:3: 1006 daAuts
     D:4: 880 daAuts
     D:1: 575 daAuts
     D:5: 395 daAuts
     D:6: 14 daAuts
